Map: Pillars of Gold LE

Players

ShoWTimE - Winner!

  • Race: Protoss Protoss
  • League: Master
  • Spawn Location: 1:00

uwuThermal (uThermal)

  • Race: Terran Terran
  • League: Grandmaster
  • Spawn Location: 7:00

Event: DreamHack SC2 Masters 2020 Fall

VOD

Have the link to the VOD?

Description

Time

  • Played on: Sept. 10, 2020, 3:58 p.m.
  • Length: 10:15

All games in this series

Show
View Real Time Build Order
Export as new Build Order

ShoWTimE Protoss - Winner!

Build Orders: 1 Gate Expand, Blink Stalkers, Zealot Archon 

Get SALT Encoding   

  12  0:00  Probe  
  13  0:12  Probe  
  14  0:17  Pylon  
  14  0:24  Probe (Chrono Boost)  
  15  0:36  Probe (Chrono Boost)  
  15  0:38  Gateway  
  16  0:45  Probe (Chrono Boost)  
  16  0:48  Assimilator  
  17  0:51  Probe  
  18  1:03  Probe  
  19  1:15  Probe  
  20  1:25  Cybernetics Core  
  20  1:35  Nexus  
  20  1:38  Probe  
  21  1:45  Pylon  
  21  1:50  Probe  
  21  1:53  Assimilator  
  22  2:01  Stalker (Chrono Boost)  
  22  2:02  Probe  
  22  2:07  Warp Gate  
  25  2:14  Probe  
  26  2:22  Stalker (Chrono Boost)  
  26  2:26  Probe  
  29  2:40  Probe (Chrono Boost)  
  29  2:41  Twilight Council  
  30  2:47  Probe (Chrono Boost)  
  30  2:50  Stalker  
  34  2:56  Probe (Chrono Boost)  
  34  2:57  Probe (Chrono Boost)  
  35  3:02  Probe (Chrono Boost)  
  35  3:03  Probe  
  37  3:11  Gateway  
  37  3:14  Probe  
  37  3:15  Probe  
  37  3:17  Blink (Chrono Boost)  
  39  3:26  Probe  
  40  3:27  Probe  
  40  3:32  Pylon  
  41  3:38  Probe  
  41  3:39  Probe  
  43  3:47  Robotics Facility  
  43  3:50  Probe  
  44  3:55  Probe  
  44  3:58  Sentry  
  46  4:05  Stalker  
  46  4:06  Probe  
  46  4:09  Shield Battery  
  49  4:12  Nexus  
  49  4:14  Probe  
  50  4:19  Probe  
  48  4:25  Stalker  
  48  4:26  Probe  
  44  4:40  Probe  
  44  4:45  Observer  
  45  4:47  Probe (Chrono Boost)  
  45  4:49  Pylon  
  45  4:52  Probe (Chrono Boost)  
  47  4:59  Probe (Chrono Boost)  
  48  5:02  Dark Shrine  
  48  5:04  Probe (Chrono Boost)  
  49  5:08  Probe (Chrono Boost)  
  49  5:10  Probe (Chrono Boost)  
  49  5:13  Probe  
  51  5:14  Warp Prism (Chrono Boost)  
  51  5:15  Phoenix  
  55  5:22  Probe (Chrono Boost)  
  55  5:25  Probe (Chrono Boost)  
  57  5:31  Probe (Chrono Boost)  
  57  5:35  Probe (Chrono Boost)  
  59  5:36  Probe (Chrono Boost)  
  59  5:38  Assimilator, Charge  
  59  5:39  Probe (Chrono Boost)  
  59  5:40  Probe (Chrono Boost)  
  61  5:43  Probe  
  61  5:49  Pylon  
  62  5:50  Probe  
  62  5:52  Probe  
  62  5:55  Probe  
  64  6:01  Pylon  
  64  6:02  Probe (Chrono Boost)  
  64  6:04  Probe (Chrono Boost)  
  66  6:10  Gateway x2  
  66  6:11  Gateway, Probe (Chrono Boost)  
  67  6:16  Probe (Chrono Boost)  
  69  6:20  Templar Archives, Probe (Chrono Boost)  
  69  6:23  Assimilator  
  69  6:24  Probe x2 (Chrono Boost)  
  71  6:27  Probe (Chrono Boost)  
  71  6:28  Assimilator, Dark Templar  
  71  6:30  Probe  
  71  6:32  Probe  
  76  6:34  Gateway  
  76  6:37  Psionic Storm  
  76  6:38  Probe  
  76  6:39  Gateway  
  77  6:42  Probe  
  77  6:44  Gateway, Probe  
  79  6:48  Stalker  
  79  6:50  Probe  
  82  6:54  Probe  
  82  6:56  Probe  
  82  7:00  Assimilator  
  82  7:01  Pylon  
  84  7:03  Pylon  
  84  7:06  Dark Templar  
  86  7:10  Zealot x2, High Templar  
  86  7:14  Shield Battery  
  92  7:19  Immortal  
  96  7:31  Zealot x2, High Templar  
  102  7:38  High Templar  
  102  7:39  Pylon  
  104  7:45  High Templar, Gateway  
  104  7:46  Pylon  
  104  7:47  Zealot  
  104  7:48  Pylon  
  108  7:53  Pylon  
  108  7:55  Immortal (Chrono Boost)  
  112  7:58  Archon  
  112  8:01  Zealot, High Templar  
  112  8:04  Zealot x3  
  122  8:08  Pylon  
  122  8:14  High Templar  
  122  8:17  Zealot x2  
  128  8:20  Probe x2  
  128  8:21  Pylon  
  128  8:24  Zealot  
  128  8:25  Zealot x3  
  138  8:28  Pylon x2  
  138  8:30  Observer  
  138  8:33  Zealot  
  141  8:38  Pylon  
  141  8:40  Pylon  
  141  8:46  Zealot x6  
  153  8:50  Pylon  
  153  8:54  High Templar x2  
  157  8:58  Archon, Pylon  
  157  9:02  Archon  
  157  9:08  Zealot x6  
  169  9:15  Pylon  
  169  9:17  Pylon  
  169  9:32  Zealot x3, Stalker x3  
  169  9:34  Zealot x2  
  185  9:44  Robotics Bay  
  185  9:54  Zealot  
  185  9:55  Zealot x6  
Show
View Real Time Build Order
Export as new Build Order

uwuThermal Terran 

Build Orders:  

Get SALT Encoding   

  12  0:00  SCV  
  13  0:12  SCV  
  14  0:18  Supply Depot  
  14  0:24  SCV  
  15  0:39  SCV  
  15  0:40  Barracks  
  16  0:44  Refinery  
  16  0:51  SCV  
  17  1:03  SCV  
  18  1:16  SCV  
  19  1:27  Barracks Reactor  
  19  1:28  Orbital Command  
  19  1:47  Command Center  
  19  1:54  Supply Depot  
  19  1:55  SCV  
  20  2:07  Factory  
  21  2:08  SCV  
  21  2:11  Marine  
  21  2:14  Marine  
  23  2:20  SCV  
  24  2:28  Refinery  
  24  2:29  Marine  
  25  2:32  SCV, Marine  
  27  2:44  SCV  
  28  2:52  Starport  
  28  2:57  Hellion, SCV  
  31  2:59  Hellion  
  33  3:10  SCV  
  34  3:14  Barracks Tech Lab  
  34  3:18  Hellion  
  36  3:21  Orbital Command, Hellion  
  36  3:24  SCV  
  39  3:31  Medivac  
  40  3:36  SCV, Supply Depot  
  41  3:48  SCV  
  39  3:50  Marine x2  
  39  3:51  Siege Tank  
  44  3:56  SCV  
  44  4:00  SCV  
  46  4:02  Starport Tech Lab  
  46  4:07  Supply Depot  
  46  4:08  SCV, Marine x2  
  49  4:12  SCV  
  50  4:20  SCV  
  50  4:23  Siege Tank  
  52  4:24  SCV  
  52  4:26  Marine  
  54  4:32  SCV  
  54  4:37  SCV  
  54  4:41  Raven  
  54  4:43  Command Center, Marine  
  54  4:44  SCV, Marine  
  53  4:50  SCV  
  53  4:51  Barracks  
  54  4:55  Barracks  
  55  5:00  SCV, Marine  
  55  5:02  SCV, Marine  
  58  5:08  Supply Depot  
  58  5:09  Factory Tech Lab  
  58  5:13  Engineering Bay x2, SCV  
  59  5:18  Marine  
  59  5:20  Marine  
  61  5:23  Bunker  
  61  5:28  SCV  
  62  5:30  Refinery  
  62  5:31  Refinery  
  62  5:32  Factory Reactor  
  61  5:36  Marine  
  61  5:37  SCV  
  61  5:38  Marine  
  64  5:42  Starport  
  64  5:47  SCV  
  65  5:51  SCV, Terran Infantry Armor Level 1, Terran Infantry Weapons Level 1  
  66  5:57  Orbital Command  
  66  5:58  Marine x2  
  66  5:59  Marine  
  66  6:01  SCV  
  70  6:05  Stimpack, Marine  
  70  6:10  SCV  
  72  6:13  SCV  
  72  6:17  Barracks  
  73  6:19  Barracks  
  73  6:21  Marauder, Marine  
  73  6:24  Marauder  
  73  6:25  Orbital Command, SCV  
  78  6:26  SCV  
  78  6:30  Factory Reactor  
  78  6:31  Combat Shield, Supply Depot  
  80  6:33  Marine  
  80  6:38  SCV x2  
  80  6:39  Marine  
  84  6:43  Supply Depot  
  84  6:47  Marine  
  84  6:52  Medivac x2, SCV x2, Marine x2  
  84  6:53  SCV  
  93  6:56  Marine  
  93  7:01  Supply Depot  
  93  7:05  Missile Turret  
  93  7:06  Missile Turret, Marauder  
  93  7:07  Missile Turret  
  96  7:10  Widow Mine, Marine  
  96  7:13  Armory  
  96  7:15  Barracks Tech Lab  
  99  7:16  Barracks Tech Lab, SCV  
  99  7:18  Marine  
  99  7:19  SCV  
  99  7:22  SCV  
  101  7:25  Supply Depot  
  101  7:28  Medivac  
  101  7:29  Marine  
  101  7:34  Marine  
  101  7:35  Marauder  
  103  7:37  SCV  
  104  7:45  SCV x2  
  104  7:46  Concussive Shells  
  104  7:49  SCV  
  104  7:50  Starport  
  104  7:51  Marauder, Marine  
  107  7:56  Marine  
  107  7:57  SCV, Supply Depot  
  107  7:58  Marine  
  112  7:59  SCV  
  114  8:05  Supply Depot  
  113  8:13  Marine  
  113  8:16  Marauder  
  113  8:17  Marine  
  113  8:19  Marauder  
  119  8:22  Refinery x2  
  119  8:24  Viking  
  119  8:26  Viking  
  123  8:29  Marine  
  123  8:31  Supply Depot, Marine x2  
  126  8:35  SCV  
  126  8:36  Supply Depot  
  126  8:37  Marine  
  126  8:38  Marauder  
  130  8:45  SCV  
  130  8:46  SCV  
  130  8:47  SCV  
  128  8:53  Missile Turret, Marauder  
  128  8:54  Ghost Academy  
  130  8:56  Marine x2  
  130  8:57  Marine x2  
  130  8:58  SCV x2  
  130  9:02  Supply Depot  
  136  9:06  Marine  
  136  9:09  Viking  
  139  9:10  Viking  
  139  9:12  Widow Mine  
  139  9:15  Supply Depot  
  139  9:16  Marine  
  146  9:19  Marine  
  146  9:20  Supply Depot  
  149  9:27  Supply Depot  
  146  9:33  Ghost x3  
  146  9:34  Ghost  
  146  9:35  Marine  
  148  9:39  Widow Mine, Marine  
  148  9:41  SCV  
  148  9:42  SCV  
  156  9:53  Marine  

Tags
 
Add a new tag
Caveats
  • Supply blocks, unpowered buildings, or Contaminate may cause inaccurate times.
  • Supply counts are checked every 10 seconds.